Map: Lerilak Crest

Players

Maelthordyo

  • Race: Zerg Zerg
  • League: Grandmaster

Kobresser

  • Race: Zerg Zerg
  • League: Platinum

Sanguinarius - Winner!

  • Race: Protoss Protoss
  • League: Grandmaster

OptimusPrime - Winner!

  • Race: Protoss Protoss
  • League: Grandmaster

VOD

Have the link to the VOD?

Description

Time

  • Played on: Sept. 10, 2015, 8:50 p.m.
  • Length: 24:06
Show
View Real Time Build Order
Export as new Build Order

Maelthordyo Zerg 

Build Orders: Pool First, Lurkers 

Get SALT Encoding   

  12  0:01  Drone  
  13  0:14  Overlord  
  13  0:18  Drone  
  14  0:33  Drone x2  
  16  0:39  Drone  
  17  0:49  Spawning Pool  
  16  0:50  Drone  
  17  1:04  Extractor  
  16  1:12  Drone  
  17  1:25  Drone x2  
  18  1:40  Zergling x2  
  18  1:43  Queen  
  21  1:56  Zergling x2  
  22  2:01  Hatchery  
  22  2:02  Overlord  
  21  2:21  Queen  
  21  2:22  Hatchery  
  23  2:24  Metabolic Boost  
  23  2:50  Drone  
  23  2:51  Drone x5  
  29  3:05  Overlord  
  29  3:09  Lair  
  29  3:12  Extractor  
  27  3:31  Drone x4  
  31  3:34  Queen  
  31  3:40  Baneling Nest  
  32  3:49  Spine Crawler  
  32  3:51  Spine Crawler  
  30  3:59  Roach Warren  
  30  4:07  Spine Crawler  
  29  4:10  Drone  
  29  4:11  Drone x2  
  32  4:18  Drone x2  
  34  4:28  Drone  
  34  4:29  Drone x2  
  37  4:39  Hydralisk Den  
  37  4:45  Overlord x2  
  36  4:49  Glial Reconstitution  
  36  4:54  Overlord  
  36  5:04  Drone  
  36  5:05  Drone x3  
  40  5:09  Pneumatized Carapace  
  40  5:21  Drone  
  40  5:22  Drone x5  
  44  5:28  Zergling x2  
  44  5:29  Roach  
  44  5:31  Roach  
  49  5:39  Roach  
  49  5:40  Overlord  
  51  5:46  Lurker Den  
  51  5:48  Roach  
  51  5:53  Overlord  
  51  5:59  Hydralisk x2  
  55  6:05  Roach  
  55  6:06  Zergling x2  
  55  6:07  Zergling x2  
  59  6:20  Hydralisk x2  
  59  6:21  Hydralisk x2  
  67  6:34  Extractor  
  67  6:35  Extractor  
  65  6:48  Hatchery  
  64  7:00  Overlord x2  
  64  7:15  Lurker x2  
  66  7:17  Lurker  
  66  7:18  Lurker  
  66  7:19  Overlord x2  
  68  7:29  Lurker  
  69  7:40  Lurker  
  69  7:42  Zergling x2  
  69  7:43  Zergling x18  
  80  7:48  Queen  
  82  8:08  Roach x3  
  82  8:09  Roach x4  
  86  8:46  Roach  
  86  8:47  Roach x9  
  97  8:49  Overlord x2  
  96  9:01  Drone x3  
  97  9:03  Overlord  
  97  9:04  Overlord x2  
  72  9:34  Drone x7, Hydralisk x3  
  72  9:35  Hydralisk  
  85  9:52  Drone x4  
  89  9:53  Overlord  
  89  9:55  Roach x3  
  95  10:06  Hydralisk x2  
  99  10:14  Extractor  
  99  10:15  Extractor  
  97  10:27  Hydralisk x6  
  109  10:34  Lurker  
  110  10:47  Drone x3  
  110  10:48  Evolution Chamber x2, Drone, Roach x3  
  118  10:53  Overseer  
  118  10:57  Lurker  
  118  11:03  Lurker  
  120  11:12  Spore Crawler  
  118  11:26  Extractor  
  117  11:48  Roach x13  
  117  11:49  Overlord x2, Roach  
  117  11:50  Overlord  
  145  11:56  Spore Crawler  
  145  11:58  Spore Crawler  
  145  12:01  Spire  
  142  12:05  Overseer  
  142  12:11  Zerg Missile Weapons Level 1, Zerg Ground Armor Level 1  
  142  12:22  Drone x6  
  139  12:51  Burrow  
  109  13:17  Roach  
  109  13:18  Roach x9  
  121  13:30  Roach x4  
  121  13:32  Overlord x3  
  127  13:59  Mutalisk x8  
  127  14:02  Hatchery  
  124  14:15  Lurker x6  
  130  14:39  Overseer x3  
  130  14:55  Drone  
  130  14:56  Drone x13  
  142  15:21  Corruptor x3  
  148  15:33  Roach x3  
  136  15:43  Corruptor x4  
  137  15:58  Roach x3  
  137  15:59  Roach x5  
  121  16:12  Roach x7  
  121  16:13  Roach  
  118  16:30  Corruptor x4  
  101  16:46  Corruptor x4  
  100  17:06  Corruptor x2  
  82  17:27  Corruptor  
  82  17:28  Corruptor x2  
  82  17:44  Overseer  
  72  17:59  Hatchery  
  63  18:17  Hydralisk x2  
  58  18:31  Roach  
  58  18:32  Roach x4  
  67  18:45  Lurker  
  67  18:48  Lurker  
  69  19:03  Hydralisk  
  69  19:04  Hydralisk  
  73  19:44  Hatchery  
  72  19:55  Lurker  
  72  19:57  Lurker  
  62  20:51  Hydralisk x4  
  70  21:18  Extractor  
  69  21:19  Extractor  
  52  21:55  Zergling x30  
  52  21:56  Zergling x2  
Show
View Real Time Build Order
Export as new Build Order

Kobresser Zerg 

Build Orders:  

Get SALT Encoding   

  12  0:00  Probe (Chrono Boost)  
  13  0:10  Probe (Chrono Boost)  
  14  0:21  Probe (Chrono Boost)  
  15  0:22  Pylon  
  15  0:40  Probe (Chrono Boost)  
  16  0:49  Assimilator  
  16  0:50  Probe (Chrono Boost)  
  17  0:59  Gateway  
  17  1:03  Probe (Chrono Boost)  
  18  1:16  Probe (Chrono Boost)  
  18  1:18  Pylon  
  19  1:26  Probe (Chrono Boost)  
  20  1:35  Pylon  
  20  1:36  Probe (Chrono Boost)  
  21  1:46  Probe (Chrono Boost)  
  22  1:47  Cybernetics Core  
  22  1:52  Pylon  
  22  1:57  Pylon  
  22  2:00  Pylon  
  22  2:03  Probe (Chrono Boost)  
  22  2:05  Warp Gate  
  23  2:11  Assimilator  
  23  2:15  Probe (Chrono Boost), Zealot  
  25  2:27  Gateway  
  25  2:32  Probe (Chrono Boost)  
  26  2:37  Gateway  
  26  2:39  Gateway  
  28  2:47  Mothership Core (Chrono Boost)  
  28  2:50  Adept  
  31  3:07  Probe (Chrono Boost)  
  31  3:19  Probe (Chrono Boost)  
  32  3:31  Probe (Chrono Boost), Nexus  
  33  3:34  Pylon  
  33  3:36  Stalker  
  35  3:41  Sentry  
  35  3:43  Probe (Chrono Boost)  
  38  3:51  Pylon  
  38  3:55  Probe (Chrono Boost)  
  39  3:56  Pylon  
  39  4:05  Probe (Chrono Boost)  
  40  4:15  Probe (Chrono Boost)  
  41  4:21  Stalker x2  
  45  4:25  Probe (Chrono Boost)  
  46  4:40  Stalker  
  46  4:41  Stalker  
  46  4:42  Probe (Chrono Boost)  
  46  4:43  Probe (Chrono Boost)  
  52  4:52  Probe (Chrono Boost)  
  52  4:53  Pylon  
  52  4:54  Probe (Chrono Boost)  
  54  5:03  Stalker, Probe (Chrono Boost)  
  54  5:04  Probe (Chrono Boost)  
  58  5:08  Twilight Council  
  58  5:10  Stalker  
  58  5:13  Probe (Chrono Boost)  
  61  5:14  Probe (Chrono Boost)  
  62  5:23  Probe (Chrono Boost)  
  62  5:24  Probe (Chrono Boost)  
  64  5:35  Nexus  
  64  5:36  Pylon  
  64  5:38  Probe x2 (Chrono Boost)  
  66  5:50  Probe x2 (Chrono Boost)  
  66  5:56  Forge  
  68  5:58  Forge  
  68  6:00  Probe x2 (Chrono Boost), Robotics Facility  
  70  6:04  Assimilator  
  70  6:08  Blink  
  70  6:09  Assimilator  
  70  6:10  Probe x2 (Chrono Boost)  
  72  6:14  Protoss Ground Armor Level 1  
  72  6:17  Protoss Ground Weapons Level 1  
  72  6:20  Probe x2 (Chrono Boost)  
  72  6:25  Stalker x2  
  76  6:26  Stalker  
  80  6:38  Probe (Chrono Boost)  
  81  6:43  Probe (Chrono Boost)  
  81  6:45  Adept  
  84  6:52  Probe (Chrono Boost)  
  84  6:53  Pylon  
  87  6:54  Probe (Chrono Boost)  
  87  6:55  Probe (Chrono Boost)  
  87  6:57  Observer  
  88  7:05  Pylon  
  88  7:06  Probe (Chrono Boost)  
  89  7:11  Pylon  
  89  7:13  Templar Archives, Pylon  
  89  7:15  Pylon  
  89  7:18  Observer  
  89  7:20  Gateway  
  89  7:22  Gateway  
  90  7:24  Gateway  
  90  7:28  Gateway  
  90  7:37  Stalker x3  
  90  7:38  Stalker  
  90  7:40  Probe (Chrono Boost), Observer  
  90  7:41  Probe (Chrono Boost)  
  90  7:42  Probe (Chrono Boost)  
  102  7:45  Assimilator  
  102  7:47  Assimilator  
  102  7:50  Probe (Chrono Boost)  
  103  7:54  Probe x2 (Chrono Boost)  
  105  8:02  Gateway  
  105  8:06  Gateway  
  105  8:12  Observer  
  106  8:18  Zealot x4  
  112  8:21  Zealot  
  112  8:22  Zealot x3  
  120  8:33  Observer  
  121  8:40  Probe (Chrono Boost)  
  99  8:52  Stalker x3  
  99  8:53  Stalker x2  
  109  9:01  Sentry  
  111  9:06  Stalker x2  
  112  9:15  Stalker x3  
  112  9:16  Stalker x2  
  106  9:48  Stalker x5  
  106  9:49  Stalker x2  
  120  9:57  Nexus  
  120  9:59  High Templar x3  
  126  10:01  Pylon  
  126  10:03  Pylon  
  126  10:05  Pylon  
  126  10:10  Dark Shrine  
  126  10:12  Pylon, Protoss Ground Weapons Level 2  
  126  10:13  Protoss Ground Armor Level 2, Pylon  
  126  10:17  Pylon  
  126  10:18  Stalker x3  
  126  10:19  Zealot  
  134  10:22  Pylon  
  134  10:29  Observer  
  134  10:32  Assimilator  
  135  10:36  Assimilator  
  135  10:49  Robotics Facility  
  135  10:51  Robotics Facility  
  135  10:52  Stalker  
  135  10:53  Stalker x2  
  141  10:57  Robotics Bay  
  141  11:07  Stalker x2  
  145  11:19  Stalker x4  
  153  11:35  Probe x2 (Chrono Boost)  
  153  11:37  Probe x2 (Chrono Boost)  
  157  11:40  Extended Thermal Lance  
  157  11:45  Probe x2 (Chrono Boost)  
  158  11:49  Probe x2 (Chrono Boost)  
  158  11:51  Colossus  
  160  11:55  Probe (Chrono Boost), Colossus  
  173  12:03  Colossus  
  173  12:14  Pylon  
  176  12:40  Colossus, Psionic Storm  
  176  12:42  Colossus  
  166  12:48  Colossus  
  170  13:19  Zealot x3  
  174  13:20  Zealot x4  
  174  13:24  Colossus  
  174  13:27  Stalker  
  184  13:36  Colossus  
  196  13:42  Zealot x2  
  196  14:06  Observer  
  196  14:09  Observer Gravitic Boosters  
  197  14:15  Disruptor  
  197  14:16  Nexus  
  197  14:19  Pylon  
  197  14:22  Pylon  
  200  14:31  Charge  
  200  14:45  Stalker  
  199  14:46  Stalker  
  197  14:59  Pylon  
  197  15:01  Pylon  
  197  15:05  Pylon  
  197  15:09  Stargate  
  197  15:10  Stargate  
  197  15:12  Stargate  
  197  15:14  Stargate  
  197  15:15  Stargate  
  194  15:40  Observer x2  
  184  15:48  Pylon  
  184  15:49  Pylon  
  186  15:55  Pylon  
  186  15:56  Pylon  
  186  15:57  Stalker x4  
  186  15:58  Stalker  
  186  15:59  Pylon  
  186  16:00  Pylon  
  186  16:01  Pylon  
  173  16:15  Stalker x2  
  165  16:25  Stargate  
  153  16:26  Stargate  
  153  16:30  Fleet Beacon  
  141  16:38  Stalker  
  141  16:39  Stalker x7  
  155  16:42  Assimilator  
  155  16:47  Assimilator  
  155  16:51  Stalker x2  
  149  16:55  Nexus  
  149  16:59  Assimilator  
  147  17:03  Assimilator  
  137  17:28  Stalker x3  
  137  17:29  Stalker x6  
  155  17:44  Carrier  
  155  17:49  Carrier  
  152  17:51  Carrier  
  152  17:53  Pylon  
  152  17:55  Pylon  
  152  17:57  Pylon  
  128  18:01  Pylon  
  131  18:19  Graviton Catapult  
  144  18:30  Carrier  
  144  18:31  Carrier  
  144  18:33  Stalker  
  163  19:40  Disruptor  
  172  19:57  Tempest x3  
  172  20:01  Tempest  
  172  20:04  Tempest  
  180  20:16  Observer  
  181  20:33  Tempest x2  
  189  20:54  Protoss Air Armor Level 1  
  189  20:57  Void Ray  
  189  21:04  Void Ray  
  197  21:22  Cybernetics Core  
  197  21:30  Observer  
  197  21:31  Observer x2  
  189  21:34  Void Ray  
  189  21:42  Void Ray  
Show
View Real Time Build Order
Export as new Build Order

Sanguinarius Protoss - Winner!

Build Orders:  

Get SALT Encoding   

Show
View Real Time Build Order
Export as new Build Order

OptimusPrime Protoss - Winner!

Build Orders:  

Get SALT Encoding   

Tags
 
Add a new tag
Caveats
  • Supply blocks, unpowered buildings, or Contaminate may cause inaccurate times.
  • Supply counts are checked every 10 seconds.